 Dungeon Sprint DCSS version 0.27.1-34-g3ba077fa99 (webtiles) character file.

Game seed: 5939761882795035287

72 cyrus the Shield-Bearer (level 4, -10/44 HPs)
             Began as a Minotaur Fighter on Jan 18, 2022.
             Was an Initiate of Kikubaaqudgha.
             Mangled by a two-headed ogre (13 damage)
             ... in the Dungeon (Sprint IX: "|||||||||||||||||||||||||||||").
             The game lasted 00:03:00 (321 turns).

cyrus the Shield-Bearer (Minotaur Fighter)           Turns: 321, Time: 00:03:00

Health: -10/44     AC:  7    Str: 21    XL:     4   Next: 6%
Magic:  3/3        EV:  8    Int:  5    God:    Kikubaaqudgha [......]
Gold:   0          SH: 10    Dex: 10    Spells: 3/3 levels left

rFire    . . .     SeeInvis .   a - +0 war axe
rCold    . . .     Faith    .   c - +0 kite shield
rNeg     . . .     Spirit   .   b - +0 scale mail
rPois    .         Reflect  .   (helmet restricted)
rElec    .         Harm     .   (no cloak)
rCorr    .         Rampage  .   (no gloves)
Will     .....     NoTele   +   (no boots)
Stlth    ..........             (no amulet)
HPRegen  0.14/turn              (no ring)
MPRegen  0.08/turn              (no ring)

@: no status effects
A: horns 2, retaliatory headbutt
a: Renounce Religion


You were in the Dungeon.
You worshipped Kikubaaqudgha.
Kikubaaqudgha was noncommittal.
You visited 1 branch

Inventory:

Hand Weapons
 a - a +0 war axe (weapon)
 n - a +1 broad axe of freezing
 o - a +2 dire flail of protection
 p - a +2 halberd of venom
 q - a +0 lajatang
 r - a +2 rapier of draining
 s - a +2 scimitar of holy wrath
Armour
 b - a +0 scale mail (worn)
 c - a +0 kite shield (worn)
 t - a +0 helmet
 u - a +0 pair of boots
 v - a +1 scale mail
Jewellery
 w - a +2 ring of protection
 x - a +3 ring of strength
Wands
 m - a wand of acid (10)
Scrolls
 j - 2 scrolls of blinking
 l - 2 scrolls of amnesia
Potions
 d - a potion of might
 e - 5 potions of curing
 f - 3 potions of heal wounds
 g - a potion of haste
 h - 4 potions of magic
 i - a potion of berserk rage
 k - a potion of invisibility


   Skills:
 + Level 6.1 Fighting
 + Level 4.2 Axes
 + Level 5.9 Armour
 + Level 1.1 Dodging
 + Level 6.4 Shields


You had 3 spell levels left.
You didn't know any spells.
Your spell library was empty.

Dungeon Overview and Level Annotations

Branches:
Dungeon (1/1)

Altars:
Cheibriados
Dithmenos
Elyvilon
Fedhas
Gozag
Hepliaklqana
Kikubaaqudgha
Makhleb
Nemelex Xobeh
Okawaru
Qazlal
Ru
Sif Muna
Trog
Uskayaw
Vehumet
Wu Jian
Xom
Yredelemnul
Zin
The Shining One
Beogh
Jiyva
Lugonu


Innate Abilities, Weirdness & Mutations

You have a pair of horns on your head.
You reflexively headbutt those who attack you in melee.


Message History

Found a +3 ring of strength.
l - 2 scrolls of amnesia;
j - 2 scrolls of blinking (gained 1)
m - a wand of acid (10)
Items here: )))))).
n - a +1 broad axe of freezing;
o - a +2 dire flail of protection
p - a +2 halberd of venom;
q - a +0 lajatang;
r - a +2 rapier of draining
s - a +2 scimitar of holy wrath You see here a +0 helmet.
t - a +0 helmet You see here a +0 pair of boots.
u - a +0 pair of boots You see here a +1 scale mail.
v - a +1 scale mail
w - a +2 ring of protection
There are no items here.
x - a +3 ring of strength
There are no items here.
You can't wear that with your horns!
You open the door. 2 killer bees, an orc wizard, a two-headed ogre and 2 zombies come into view.
The two-headed ogre shouts in stereo!
The killer bee buzzes angrily. x2
You hit the two-headed ogre.
The two-headed ogre is lightly wounded.
The two-headed ogre barely misses you. You furiously retaliate!
You headbutt the two-headed ogre.
The two-headed ogre hits you with a +0 giant club!!
Ouch! That really hurt!
Your scale mail prevents you from hitting the two-headed ogre.
You headbutt the two-headed ogre, but do no damage.
The two-headed ogre is lightly wounded.
The two-headed ogre closely misses you. x2
You block the two-headed ogre's attack.
The two-headed ogre hits you with a +0 giant club!!
* * * LOW HITPOINT WARNING * * *
You hit the two-headed ogre.
The two-headed ogre is lightly wounded.
You block the two-headed ogre's attack.
The two-headed ogre hits you with a +0 giant club!
You die...
Kikubaaqudgha rasps: "You have failed me!
Welcome... death!" ▓▓▓▓▓▓▓▓▓▓▓▓▓▓▓▓▓▓▓▓▓▓▓▓ _______'........@OyyoZZ. ▓▓▓▓▓▓▓▓▓▓▓▓▓▓▓▓▓▓▓▓▓▓▓▓

You could see a two-headed ogre, 2 killer bees, an orc wizard, a jackal zombie and a giant cockroach zombie.

Vanquished Creatures
  A hound (D)
  An iguana (D)
  An adder (D)
  An adder zombie (D)
  A hobgoblin (D)
  A quokka (D)
  A ball python skeleton (D)
  2 bats (D)
  A rat (D)
10 creatures vanquished.

Notes
Turn   | Place    | Note
-------+----------+-------------------------------------------
     0 | D        | cyrus the Minotaur Fighter began the quest for the Orb.
     0 | D        | Reached XP level 1. HP: 19/19 MP: 0/0
    31 | D        | Noticed a hound
    31 | D        | Noticed an iguana
    37 | D        | Reached XP level 2. HP: 26/28 MP: 1/1
    40 | D        | Reached skill level 5 in Fighting
    40 | D        | Reached skill level 5 in Armour
    40 | D        | Reached skill level 5 in Shields
    40 | D        | Reached XP level 3. HP: 30/36 MP: 2/2
    46 | D        | Reached skill level 1 in Dodging
    54 | D        | Reached XP level 4. HP: 18/44 MP: 3/3
   243 | D        | Found a snail-covered altar of Cheibriados.
   243 | D        | Found a shadowy altar of Dithmenos.
   243 | D        | Found a white marble altar of Elyvilon.
   243 | D        | Found a blossoming altar of Fedhas.
   243 | D        | Found an opulent altar of Gozag.
   244 | D        | Found a hazy altar of Hepliaklqana.
   245 | D        | Found a viscous altar of Jiyva.
   246 | D        | Found an ancient bone altar of Kikubaaqudgha.
   247 | D        | Found a corrupted altar of Lugonu.
   248 | D        | Found a burning altar of Makhleb.
   249 | D        | Found a sparkling altar of Nemelex Xobeh.
   250 | D        | Found an iron altar of Okawaru.
   251 | D        | Found a stormy altar of Qazlal.
   252 | D        | Found a sacrificial altar of Ru.
   253 | D        | Found a shimmering blue altar of Sif Muna.
   254 | D        | Found a bloodstained altar of Trog.
   255 | D        | Found a hide-covered altar of Uskayaw.
   256 | D        | Found a radiant altar of Vehumet.
   257 | D        | Found an ornate altar of the Wu Jian Council.
   258 | D        | Found a shimmering altar of Xom.
   259 | D        | Found a basalt altar of Yredelemnul.
   260 | D        | Found a glowing silver altar of Zin.
   261 | D        | Found a glowing golden altar of the Shining One.
   280 | D        | Became a worshipper of Kikubaaqudgha
   318 | D        | Noticed a two-headed ogre
   321 | D        | Mangled by a two-headed ogre

Illustrated notes

Levels and vault maps discovered:
D:        linesprint [early_d, line_temple, items_1, d_10, items_2, lair_1,
          lair_end, items_3, orc_1, orc_end, items_4, d_15, swamp_1, shoals_1,
          snake_1, spider_1, d_20, vaults_1, items_5, swamp_end, shoals_end,
          snake_end, spider_end, vaults_end, d_27, items_6, zot_1, zot_end,
          crypt_end, forest_end, elf_end, slime_end, tomb_end, abyss_end,
          pan_hell_end]

Skill      XL: |  1  2  3 |
---------------+----------+-----
Fighting       | 4 5 6 |  6.1
Armour         | 4 5 |  5.9
Shields        | 4 5 6 |  6.4
Axes           | 3 4 |  4.2
Dodging        | 1 |  1.1

Action                   |  1- 3 |  4- 6 || total
-------------------------+-------+-------++-------
Melee: War axe           |    39 |     6 ||    45
       Headbutt          |     2 |     1 ||     3
Armor: Scale mail        |    19 |       ||    19
Dodge: Dodged            |    13 |     4 ||    17
Block: Kite shield       |    30 |     4 ||    34
